 Dungeon Crawl Stone Soup version 0.29.0-4-gdea44cf6ec (webtiles) character file.

Game seed: 6411841181037455975

164 qw the Chopper (level 5, 0/32 HPs)
             Began as a Gargoyle Fighter on Sept 10, 2022.
             Slain by a gnoll sergeant
             ... wielding a +0 spear
              (5 damage)
             ... on level 4 of the Dungeon.
             The game lasted 00:00:57 (3018 turns).

qw the Chopper (Gargoyle Fighter)                   Turns: 3018, Time: 00:00:58

Health: 0/32       AC: 10    Str: 22    XL:     5   Next: 45%
Magic:  5/5        EV:  9    Int:  8    God:
Gold:   122        SH:  4    Dex:  9    Spells: 4/4 levels left

rFire   . . .      SeeInvis .   Y - +0 war axe
rCold   . . .      Faith    .   c - +0 buckler
rNeg    + . .      Spirit   .   b - +0 scale mail
rPois   inf        Reflect  .   (no helmet)
rElec   +          Harm     .   (no cloak)
rCorr   .          Rampage  .   (no gloves)
Will    +....                   (no boots)
Stlth   ..........              (no amulet)
HPRegen 0.10/turn               a - ring of willpower
MPRegen 0.09/turn               (no ring)

@: no status effects
A: sickness immunity, AC +4, negative energy resistance 1, electricity
resistance, torment resistance 1, petrification resistance
a: no special abilities


You were on level 4 of the Dungeon.
You visited 1 branch of the dungeon, and saw 4 of its levels.

You collected 122 gold pieces.


Innate Abilities, Weirdness & Mutations

You are immune to sickness and miasma.
Your stone body is resilient. (AC +4)
You are immune to poison.
You resist negative energy. (rN+)
You are resistant to electric shocks. (rElec)
You are resistant to unholy torment.
You are immune to petrification.


   Skills:
 - Level 3.2 Fighting
 + Level 4.7 Axes
 - Level 1.2 Throwing
 - Level 3.2 Armour
 - Level 3.2 Shields


You had 4 spell levels left.
You didn't know any spells.
Your spell library was empty.

Inventory:

Hand Weapons
 k - a +0 flail
 Y - a +0 war axe (weapon)
Missiles
 f - a boomerang of dispersal
 g - 5 boomerangs
 p - 2 javelins (quivered)
Armour
 b - a +0 scale mail (worn)
 c - a +0 buckler (worn)
Jewellery
 a - a ring of willpower (left hand)
Scrolls
 j - a scroll of poison {unknown}
 n - a scroll of identify
 o - a scroll of torment {unknown}
Potions
 d - 3 potions of might
 e - a potion of cancellation
 h - 2 potions of resistance
 i - a potion of brilliance {unknown}
 l - a potion of magic {unknown}
 m - a potion of curing {unknown}
 q - a potion of haste {unknown}

Dungeon Overview and Level Annotations

Branches:
Dungeon (4/15)
 Temple: D:4-7

Altars:


Message History

3008 ||| Stepping ~*~*~tactically~*~*~ (hiding).
The hound attacks as you move away! The hound closely misses you.
You slash the hound!
The hound is heavily wounded.
The hound bites you but does no damage. The hound bites you.
You barely miss the hound.
The hound is heavily wounded.
You block the hound's attack. The hound bites you.
You slash the hound!
You kill the hound!
The gnoll hits you with a +0 flail!
You closely miss the gnoll. You closely miss the gnoll. You slash the gnoll!
The gnoll hits you with a +0 flail. You block the gnoll's attack.
You hit the gnoll.
The gnoll is almost dead.
You slash the gnoll! The gnoll hits you with a +0 whip.
The gnoll hits you but does no damage.
You closely miss the gnoll.
The gnoll is almost dead.
You barely miss the gnoll. You block the gnoll's attack.
The gnoll barely misses you. You block the gnoll's attack.
You closely miss the gnoll.
The gnoll is almost dead.
The gnoll sergeant blocks your attack. The gnoll hits you but does no damage.
The gnoll sergeant closely misses you.
You closely miss the gnoll.
The gnoll is almost dead.
You closely miss the gnoll sergeant. You closely miss the gnoll.
The gnoll hits you with a +0 flail. You block the gnoll's attack.
The gnoll sergeant hits you with a +0 spear.
You closely miss the gnoll.
The gnoll is almost dead.
You hit the gnoll sergeant but do no damage.
You hit the gnoll.
You kill the gnoll!
The gnoll hits you with a +0 flail.
The gnoll sergeant hits you with a +0 spear.
You die...

#.........####.#
#######'#######......#
#.......%.....####.#.#
#.............# #.#.#
#.............# #.#.#
#......7%.....# #.#.#
#....77.77....# #.#.#
#....7.. 7gg..# #.#.#
#...7..7$.7@..# ..#.# #..
.7...7)...######.#######
#..
77g77....#.............
Wg7......#....#.#######
.g........####'#..:.....
.g.........#.............
.. ........#.............
##+#######.....########
.........# #


You could see a gnoll sergeant and a gnoll.

Vanquished Creatures
  A hound (D:4)
  An orc wizard (D:3)
  A gnoll (D:4)
  3 adders
  A worm (D:2)
  3 dart slugs
  5 orcs (D:3)
  4 bats
  4 endoplasms
  2 giant cockroaches
  9 goblins
  4 hobgoblins
  7 kobolds
  2 quokkas
  13 ball pythons
  A frilled lizard (D:2)
  5 rats
  A spectral goblin (D:1)
67 creatures vanquished.

Vanquished Creatures (others)
  7 toadstools (D:4)
7 creatures vanquished.

Grand Total: 74 creatures vanquished

Notes
Turn   | Place    | Note
-------+----------+-------------------------------------------
     0 | D:1      | qw the Gargoyle Fighter began the quest for the Orb.
     0 | D:1      | Reached XP level 1. HP: 14/14 MP: 1/1
     0 | D:1      | 0 ||| qw: Version: 0.1-a-116-g5d60599
     0 | D:1      | 0 ||| qw: Game counter: 7496
     0 | D:1      | 0 ||| qw: Always use a shield: true
     0 | D:1      | 0 ||| qw: God list: Okawaru
     0 | D:1      | 0 ||| qw: Allow faded altars: false
     0 | D:1      | 0 ||| qw: Do Orc after D:15 true
     0 | D:1      | 0 ||| qw: Do second Lair branch before Depths: true
     0 | D:1      | 0 ||| qw: Lair rune preference: random
     0 | D:1      | 0 ||| qw: Plans: Normal, Zot, God:TSO, Crypt, Tomb, Zig,
                  | Orb
     0 | D:1      | 0 ||| PLANNING D:1-11
    17 | D:1      | Reached skill level 2 in Axes
    53 | D:1      | HP: 3/14 [frozen (2)]
   348 | D:1      | Reached XP level 2. HP: 19/19 MP: 2/2
   519 | D:1      | 519 ||| DROPPING +0 club.
   573 | D:1      | Reached skill level 3 in Axes
   618 | D:1      | Found a faded altar of an unknown god.
   623 | D:1      | Reached XP level 3. HP: 22/23 MP: 3/3
   895 | D:1      | 895 ||| DROPPING orb of light.
   896 | D:1      | 896 ||| READING scroll labelled PIERPH KYJED.
   897 | D:1      | 897 ||| READING scroll labelled ZAGGI BOAJ.
   898 | D:1      | 898 ||| READING scroll labelled DUSSOJE ZARU.
   899 | D:1      | 899 ||| DRINKING 2 lumpy sapphire potions.
  1235 | D:2      | 1235 ||| Stepping ~*~*~tactically~*~*~ (stealth).
  1236 | D:2      | 1236 ||| Stepping ~*~*~tactically~*~*~ (stealth).
  1284 | D:2      | 1284 ||| Stepping ~*~*~tactically~*~*~ (stealth).
  1289 | D:2      | 1289 ||| Stepping ~*~*~tactically~*~*~ (stealth).
  1290 | D:2      | 1290 ||| Stepping ~*~*~tactically~*~*~ (stealth).
  1318 | D:2      | 1318 ||| Stepping ~*~*~tactically~*~*~ (stealth).
  1459 | D:2      | 1459 ||| Stepping ~*~*~tactically~*~*~ (stealth).
  1460 | D:2      | 1460 ||| Stepping ~*~*~tactically~*~*~ (stealth).
  1733 | D:2      | 1733 ||| READING scroll labelled OKYOKKUSUN.
  1834 | D:2      | 1834 ||| READING 2 scrolls labelled OTISES OFEUM LYO.
  1835 | D:2      | 1835 ||| DROPPING scroll of fear.
  1925 | D:3      | Reached skill level 4 in Axes
  1925 | D:3      | Reached XP level 4. HP: 26/28 MP: 4/4
  1958 | D:3      | 1958 ||| Stepping ~*~*~tactically~*~*~ (stealth).
  1969 | D:3      | 1969 ||| DROPPING +0 whip.
  2167 | D:3      | Reached skill level 1 in Throwing
  2440 | D:3      | 2440 ||| Stepping ~*~*~tactically~*~*~ (hiding).
  2550 | D:3      | Reached XP level 5. HP: 31/32 MP: 5/5
  2674 | D:3      | 2674 ||| UPGRADING to ring of willpower.
  2675 | D:3      | 2675 ||| READING scroll labelled CESOAPAVVU.
  2676 | D:3      | 2676 ||| READING scroll labelled GIPHOA ROCS.
  2680 | D:3      | 2680 ||| READING scroll labelled CAREOQUGHUE.
  2681 | D:3      | 2681 ||| DRINKING 2 black potions.
  2883 | D:4      | 2883 ||| Stepping ~*~*~tactically~*~*~ (hiding).
  2884 | D:4      | 2884 ||| Stepping ~*~*~tactically~*~*~ (hiding).
  3005 | D:4      | Noticed a phantom
  3006 | D:4      | 3006 ||| Stepping ~*~*~tactically~*~*~ (stealth).
  3008 | D:4      | 3008 ||| Stepping ~*~*~tactically~*~*~ (hiding).
  3018 | D:4      | HP: 5/32 [gnoll/+0 flail[a gnoll sergeant] (6)]
  3018 | D:4      | Slain by a gnoll sergeant

Levels and vault maps discovered:
D:1:      minmay_arrival_radiant_lines, layout_basic,
          dreamdust_ecumenical_altar_drowned_temple, minmay_misc_feat_pillars,
          chequers_serial_rivers_micro_c, minmay_tripent
D:2:      layout_loops_ring
D:3:      layout_basic
D:4:      cheibrodos_fertilizer, layout_basic, kennysheep_generic_room_2

Skill      XL: |  1  2  3  4 |
---------------+-------------+-----
Axes           | 2 3 4 |  4.7
Throwing       | 1 |  1.2
Fighting       | |  3.2
Armour         | |  3.2
Shields        | |  3.2

Action                   |  1- 3 |  4- 6 || total
-------------------------+-------+-------++-------
Melee: War axe           |   122 |    57 ||   179
Throw: Javelin           |    11 |    15 ||    26
       Boomerang         |     3 |       ||     3
  Use: Scroll            |     5 |     3 ||     8
       Potion            |     1 |     1 ||     2
Armor: Scale mail        |    49 |    21 ||    70
Dodge: Dodged            |    39 |    22 ||    61
Block: Buckler           |    17 |    17 ||    34

Table legend:
 A = Non-vault XP
 B = Vault XP
 C = Vault XP percentage of total XP
 D = Non-vault monster count
 E = Vault monster count
 F = Vault count percentage of total count
                 A         B        C        D         E       F
            +---------+---------+-------+---------+---------+-------
      Total |     196 |      53 |  21.3 |      62 |       5 |   7.5
            +---------+---------+-------+---------+---------+-------
        D:1 |      39 |       4 |   9.3 |      21 |       3 |  12.5
        D:2 |      30 |       0 |   0.0 |      17 |       0 |   0.0
        D:3 |      93 |       0 |   0.0 |      18 |       0 |   0.0
        D:4 |      34 |      49 |  59.0 |       6 |       2 |  25.0
            +---------+---------+-------+---------+---------+-------
